 Dungeon Crawl Stone Soup version 0.32-a0-485-g70f7560b1c (webtiles) character file.

Game seed: 8514143910563257902

1154 Khashishi the Trooper (level 8, -2/65 HPs)
             Began as a Mummy Monk on Feb 27, 2024.
             Slain by a river rat (5 damage)
             ... led by a gnoll bouda
             ... on level 5 of the Dungeon.
             The game lasted 00:35:01 (4099 turns).

Khashishi the Trooper (Mummy Monk)                  Turns: 4099, Time: 00:35:02

Health: -2/65      AC: 13    Str: 16    XL:     8   Next: 16%
Magic:  0/8        EV: 11    Int:  9    God:
Gold:   193        SH:  0    Dex: 15    Spells: 7/7 levels left

rFire   x . .        j - +2 hand axe (freeze)
rCold   + . .        c - orb {light}
rNeg    + + +        r - +2 ring mail {rPois}
rPois   ∞            q - +2 helmet
rElec   .            (no cloak)
rCorr   .            i - +0 pair of gloves
SInv    .            o - +0 pair of boots
Will    +....        e - amulet of guardian spirit
Stlth   +            (no ring)
HPRegen 0.30/turn    (no ring)
MPRegen 0.11/turn

%: guardian spirit, faith
@: glowing
A: cold resistance 1, negative energy resistance 3, torment resistance 2, heat
vulnerability 1, in touch with death 1, no potions, faith
a: no special abilities


You were on level 5 of the Dungeon.
You visited 1 branch of the dungeon, and saw 6 of its levels.
You also visited: Sewer.

You collected 193 gold pieces.

Inventory:

Hand Weapons
 a - a +0 spear
 d - a +6 club
 j - a +2 hand axe of freezing (weapon)
 u - a +0 war axe
Missiles
 f - 8 poisoned darts (quivered)
 h - a throwing net
 m - 2 curare-tipped darts
Armour
 c - an orb of light (worn)
 i - a +0 pair of gloves (worn)
 o - a +0 pair of boots (worn)
 q - a +2 helmet (worn)
 r - a +2 ring mail of poison resistance (worn)
Jewellery
 e - an amulet of guardian spirit (around neck)
Wands
 b - a wand of polymorph (7)
 s - a wand of flame (23)
Scrolls
 g - 4 scrolls of identify {unknown}
 k - 4 scrolls of blinking {unknown}
 l - a scroll of revelation
 n - a scroll of noise {unknown}
 p - a scroll of silence {unknown}
 t - a scroll of summoning {unknown}
 v - a scroll of amnesia {unknown}


   Skills:
 + Level 6.7 Fighting
 + Level 2.8(4.1) Axes
 - Level 4.6(5.0) Polearms
 + Level 3.1 Armour
 - Level 3.0 Dodging


You had 7 spell levels left.
You didn't know any spells.
Your spell library was empty.

Dungeon Overview and Level Annotations

Branches:
Dungeon (6/15)              Sewer (visited)
 Temple: D:4-7

Altars:
Fedhas
Vehumet

Shops:
D:5 :


Innate Abilities, Weirdness & Mutations

You are immune to poison.
Your flesh is cold resistant. (rC+)
You are immune to negative energy. (rN+++)
You are immune to unholy pain and torment.
You are vulnerable to heat. (rF-)
You are in touch with the powers of death.
You do not drink.
You have a special connection with the divine. (Faith)


Message History

The floor.
This square is lit by a halo.
Unknown command.
You hit the steam dragon. You freeze the steam dragon.
You kill the steam dragon!
Your Armour skill increases to level 3!
You hit the orc but do no damage. The orc barely misses you.
You barely miss the orc. The orc hits you but does no damage.
You hit the orc but do no damage. The orc barely misses you.
Aiming: Throw Flame
Press: ? - help, Shift-Dir - straight line, f - gnoll
Aim: a gnoll, wielding a +0 halberd (haloed, 82% to hit)
The puff of flame hits the gnoll.
The gnoll is moderately wounded.
The orc hits you with a +0 short sword.
* * * LOW HITPOINT WARNING * * *
The gnoll hits you from afar with a +0 halberd.
* * * LOW HITPOINT WARNING * * *
Aiming: Polymorph
Press: ? - help, Shift-Dir - straight line, f/p - gnoll
Aim: a gnoll, wielding a +0 halberd (moderately wounded, haloed, will become a hobgoblin, a river rat, or a ball python, chance to affect: 57%)
The gnoll evaporates and reforms as a river rat!
The orc hits you with a +0 short sword.
* * * LOW HITPOINT WARNING * * *
Aiming: Polymorph
Press: ? - help, Shift-Dir - straight line, f - orc, p - river rat
Aim: an orc, wielding a +0 short sword and wearing a +0 scale mail (haloed, will become a kobold, a hobgoblin, or a bombardier beetle, chance to affect: 66%)
Okay, then.
Unknown command.
Unknown command.
You can't drink.
You barely miss the orc. The orc hits you with a +0 short sword.
* * * LOW HITPOINT WARNING * * *
The river rat barely misses you.
Okay, then.
You hit the orc. You freeze the orc.
The orc is almost dead.
You hit the river rat but do no damage. The orc hits you but does no damage.
The river rat bites you.
You die...

##...........###.........#
#.....##....######.........###
#......#...# ###..)......###
##.........###......)..###
.....................###
..?................###
.......(..........##
................###
.......<...)r@.##
............o###
.$.........#)..
................o
...................
............)....o.
########.##........
######......


You could see a river rat and an orc.

Vanquished Creatures
  A steam dragon (D:5)
  A black bear (D:5)
  A phantom (D:4)
  2 kobold brigands (Sewer)
  2 brain worms (Sewer)
  A howler monkey (D:5)
  A gnoll bouda (D:4)
  2 hounds
  Ijyb (D:3)
  An iguana (D:5)
  A sleepcap (D:4)
  Natasha (D:2)
  Terence (D:3)
  Robin (D:4)
  6 gnolls
  13 adders
  2 river rats (Sewer)
  A dart slug (D:5)
  3 ribbon worms
  5 orcs
  4 bats
  13 endoplasms
  4 giant cockroaches
  15 hobgoblins
  5 jackals
  11 kobolds
  7 quokkas
  8 ball pythons
  4 frilled lizards
  17 goblins
  10 rats
145 creatures vanquished.

Notes
Turn   | Place    | Note
-------+----------+-------------------------------------------
     0 | D:1      | Khashishi the Mummy Monk began the quest for the Orb.
     0 | D:1      | Reached XP level 1. HP: 18/18 MP: 1/1
   101 | D:1      | Reached XP level 2. HP: 13/24 MP: 2/2
   681 | D:2      | Reached XP level 3. HP: 29/29 MP: 3/3
   927 | D:2      | Reached XP level 4. HP: 26/37 MP: 4/4
  1281 | D:2      | Reached skill level 4 in Fighting
  1473 | D:3      | Found a glowing drain.
  1496 | Sewer    | Entered a sewer
  1502 | Sewer    | Noticed a kobold brigand
  1528 | Sewer    | Killed a kobold brigand
  1529 | Sewer    | Reached XP level 5. HP: 32/43 MP: 2/5
  1604 | Sewer    | Reached skill level 5 in Fighting
  1609 | Sewer    | Reached XP level 6. HP: 28/51 MP: 4/6
  1913 | Sewer    | Reached skill level 1 in Armour
  2223 | D:3      | Noticed Terence
  2236 | D:3      | Killed Terence
  2291 | D:3      | Noticed Ijyb
  2301 | D:3      | Killed Ijyb
  2527 | D:2      | Noticed Natasha
  2535 | D:2      | Killed Natasha
  2536 | D:2      | Reached XP level 7. HP: 48/57 MP: 5/7
  2693 | D:3      | Reached skill level 1 in Axes
  3034 | D:5      | Entered Level 5 of the Dungeon
  3151 | D:4      | Reached skill level 6 in Fighting
  3161 | D:4      | Noticed Robin
  3168 | D:4      | Killed Robin
  3292 | D:4      | Found a radiant altar of Vehumet.
  3574 | D:4      | You fall into a shaft and drop 2 floors!
  3604 | D:5      | Found Zeoxanli's Book Shoppe.
  3976 | D:5      | Found a blossoming altar of Fedhas.
  4000 | D:5      | Reached XP level 8. HP: 64/65 MP: 8/8
  4098 | D:5      | HP: 3/65 [orc/+0 short sword (3)]
  4099 | D:5      | Slain by a river rat

Illustrated notes

Levels and vault maps discovered:
D:1:      minmay_arrival_stair_chambers, layout_basic
D:2:      layout_loops_corners, uniq_natasha
D:3:      layout_basic, portal_sewer_entry_f, uniq_terence, uniq_ijyb
D:4:      layout_basic, vehumet_altar_wand_db, minivault_26, interstate_on_off,
          bh_walls_and_bars, uniq_robin
D:5:      layout_cave_pods, mainiacjoe_overflow_concentric_impassable,
          minmay_temple_entry_statues, minmay_misc_feat_rows, st_stairs_8,
          kennysheep_small_circle
D:6:      layout_gridville, lemuel_doored_altar, nicolae_shop_firing_range,
          uniq_duvessa, uniq_menkaure, uniq_eustachio, uniq_edmund

Skill      XL: |  1  2  3  4  5  6  7  8 |
---------------+-------------------------+-----
Polearms       | 3 4 |  4.6
Dodging        | 3 |  3.0
Fighting       | 4 5 6 |  6.7
Armour         | 1 2 3 |  3.1
Axes           | 2 |  2.8

Action                     |  1- 3 |  4- 6 |  7- 9 || total
---------------------------+-------+-------+-------++-------
  Melee: Spear             |   121 |   190 |       ||   311
         Hand axe          |       |    25 |   155 ||   180
  Throw: Stone             |    15 |     7 |       ||    22
         Dart              |       |    76 |    30 ||   106
         Throwing net      |       |     1 |       ||     1
  Evoke: Wand              |       |       |     3 ||     3
    Use: Scroll            |     1 |       |       ||     1
 Armour: Robe              |    43 |    63 |       ||   106
         Ring mail         |       |     9 |   104 ||   113
  Dodge: Dodged            |    51 |    98 |    78 ||   227

Table legend: (Time is in decaauts)
 A = Elapsed time spent in this place.
 B = Non-inter-level travel time spent in this place.
 C = Inter-level travel time spent in this place.
 D = Time resting spent in this place.
 E = Time spent auto-exploring this place.
 F = Levels seen in this place.
 G = Mean time per level.
                   A        B        C        D        E       F      G
               +--------+--------+--------+--------+--------+-----+--------+
         Total |   4251 |   3999 |    252 |     17 |    501 |   7 |  607.3 |
       Dungeon |   3483 |   3231 |    252 |      0 |    301 |   6 |  580.5 |
         Sewer |    768 |    768 |      0 |     17 |    200 |   1 |  768.0 |
               +--------+--------+--------+--------+--------+-----+--------+

Top non-repeatable levels by time:
     D:2: 896 daAuts
   Sewer: 768 daAuts
     D:3: 752 daAuts
     D:1: 704 daAuts
     D:4: 605 daAuts
     D:5: 518 daAuts
     D:6: 6 daAuts
